 Dungeon Crawl Stone Soup version 0.31-a0-152-g6aa68a64a1 (webtiles) character file.

Game seed: 15537631236224572663

168 qw the Shooter (level 5, 0/46 HPs)
             Began as a Minotaur Hunter on June 10, 2023.
             Slain by an orc
             ... wielding a +0 trident
              (7 damage)
             ... on level 3 of the Dungeon.
             The game lasted 00:00:44 (2610 turns).

qw the Shooter (Minotaur Hunter)                    Turns: 2610, Time: 00:00:45

Health: 0/46       AC:  6    Str: 15    XL:     5   Next: 23%
Magic:  4/4        EV: 11    Int:  6    God:
Gold:   19         SH:  0    Dex: 16    Spells: 4/4 levels left

rFire   . . .        Y - +0 shortbow
rCold   . . .        (shield currently unavailable)
rNeg    . . .        k - +0 ring mail
rPois   .            (helmet restricted)
rElec   .            (no cloak)
rCorr   .            b - +0 pair of gloves
SInv    .            (no boots)
Will    .....        (no amulet)
Stlth   +            (no ring)
HPRegen 0.27/turn    (no ring)
MPRegen 0.09/turn

%: no passive effects
@: about to teleport
A: horns 2, retaliatory headbutt
a: no special abilities


You were on level 3 of the Dungeon.
You visited 1 branch of the dungeon, and saw 3 of its levels.

You collected 47 gold pieces.
You spent 28 gold pieces at shops.


Innate Abilities, Weirdness & Mutations

You have a pair of horns on your head.
You reflexively headbutt those who attack you in melee.


   Skills:
 - Level 4.2 Fighting
 + Level 6.3 Ranged Weapons
 - Level 1.1 Armour
 - Level 2.1 Dodging
 - Level 0.7 Stealth


You had 4 spell levels left.
You didn't know any spells.
Your spell library was empty.

Inventory:

Hand Weapons
 Y - a +0 shortbow (weapon)
Armour
 b - a +0 pair of gloves (worn)
 f - a +3 ring mail of positive energy
 k - a +0 ring mail (worn)
Scrolls
 a - 2 scrolls of identify
 c - 2 scrolls of fog {unknown}
 j - 2 scrolls of poison {unknown}
Potions
 d - a potion of heal wounds
 g - a potion of enlightenment {unknown}
 h - a potion of curing {unknown}
 i - a potion of mutation {unknown}

Dungeon Overview and Level Annotations

Branches:
Dungeon (3/15)

Altars:
Makhleb

Shops:
D:3 (*!


Message History

Enter note:
Enter note:
Enter note:
Enter note:
Enter note: You shoot an arrow.
The arrow hits the gnoll!
The gnoll is severely wounded.
You shoot an arrow. The arrow closely misses the gnoll.
The arrow barely misses the gnoll.
The arrow closely misses the orc.
You shoot an arrow. The arrow closely misses the gnoll.
The gnoll hits you with a +0 whip. The gnoll closely misses you.
The gnoll barely misses you. The gnoll hits you with a +0 flail.
The orc barely misses you.
You shoot an arrow. The arrow hits the gnoll!
You kill the gnoll!
The gnoll hits you with a +0 flail! The orc misses you.
You shoot an arrow. The arrow closely misses the gnoll.
The arrow hits the gnoll.
The gnoll is heavily wounded.
The orc closely misses you.
You shoot an arrow. The arrow barely misses the gnoll.
The orc closely misses you. The gnoll closely misses you.
You shoot an arrow. The arrow hits the gnoll!
You kill the gnoll!
The gnoll hits you with a +0 flail!
The orc hits you from afar with a +0 trident.
You shoot an arrow. The arrow hits the gnoll.
The gnoll is moderately wounded.
The gnoll closely misses you.
The orc hits you from afar with a +0 trident.
The gnoll barely misses you. The orc misses you.
You shoot an arrow. The arrow hits the gnoll.
The gnoll is severely wounded.
The gnoll hits you with a +0 flail.
The orc hits you from afar with a +0 trident.
2610 ||| READING scroll of teleportation.
As you read the scroll of teleportation, it crumbles to dust.
You feel strangely unstable.
The orc hits you from afar with a +0 trident!
You die...

#'#.#..# #'#
##.##<..# ##.#
##...###.###...
##+##..}..##+##..}.
##...##...## ##...
##.....##.## ##.#
#...7...''# #'+
#.....##.# ##.#
##.@g##...# ##...
##)## .}..# #..}.
..o #...## ##...
.....##.## ##.#
...<...#++ +'#
##.....## ##.#
##...## ##... ##+##
#..}. ##...


You could see a gnoll and an orc.

Vanquished Creatures
  Jessica (D:3)
  Ijyb (D:3)
  2 gnolls (D:3)
  3 adders
  A worm (D:1)
  3 dart slugs
  2 ball pythons (D:1)
  5 endoplasms
  3 giant cockroaches
  4 goblins
  6 hobgoblins
  8 jackals
  5 kobolds
  3 quokkas
  3 bats
  3 frilled lizards
  4 rats
57 creatures vanquished.

Notes
Turn   | Place    | Note
-------+----------+-------------------------------------------
     0 | D:1      | qw the Minotaur Hunter began the quest for the Orb.
     0 | D:1      | Reached XP level 1. HP: 18/18 MP: 0/0
     0 | D:1      | 0 ||| qw: Version: 0.2-a-122-gbc61b45
     0 | D:1      | 0 ||| qw: Game counter: 3541
     0 | D:1      | 0 ||| qw: Always use a shield: true
     0 | D:1      | 0 ||| qw: God list: Okawaru
     0 | D:1      | 0 ||| qw: Allow faded altars: false
     0 | D:1      | 0 ||| qw: Do Orc after D:15 true
     0 | D:1      | 0 ||| qw: Do second Lair branch before Depths: true
     0 | D:1      | 0 ||| qw: Lair rune preference: random
     0 | D:1      | 0 ||| qw: Plans: Normal
     0 | D:1      | 0 ||| PLANNING D:1-11
   455 | D:1      | Found a faded altar of an unknown god.
   489 | D:1      | Reached XP level 2. HP: 25/25 MP: 1/1
   549 | D:1      | 549 ||| FLEEEEING.
   550 | D:1      | 550 ||| FLEEEEING.
   557 | D:1      | Reached skill level 5 in Ranged Weapons
   866 | D:1      | Reached skill level 3 in Fighting
  1005 | D:1      | 1005 ||| UPGRADING to +0 ring mail.
  1015 | D:1      | 1015 ||| DROPPING +0 leather armour.
  1016 | D:1      | 1016 ||| READING 2 scrolls labelled BOTTAPPEQU.
  1017 | D:1      | 1017 ||| READING scroll labelled IVVAIBUF BUISA.
  1018 | D:1      | 1018 ||| READING scroll labelled YMUIPAR POUM.
  1022 | D:1      | 1022 ||| DRINKING 2 bubbling grey potions.
  1023 | D:1      | 1023 ||| DRINKING 2 bubbling silvery potions.
  1127 | D:1      | 1127 ||| DROPPING scroll of butterflies.
  1128 | D:1      | 1128 ||| DROPPING potion of berserk rage.
  1164 | D:2      | Reached XP level 3. HP: 28/31 MP: 2/2
  1165 | D:2      | Reached skill level 1 in Armour
  1165 | D:2      | 1165 ||| STAIRDANCE
  1187 | D:2      | 1187 ||| STAIRDANCE
  1268 | D:2      | 1268 ||| STAIRDANCE
  1877 | D:2      | 1877 ||| UPGRADING to +0 pair of gloves.
  1882 | D:2      | 1882 ||| READING scroll labelled MUVEIRPH ULEME.
  1940 | D:3      | Reached XP level 4. HP: 38/38 MP: 3/3
  1980 | D:3      | Found a burning altar of Makhleb.
  2110 | D:3      | Found Ufoucyof's General Store.
  2121 | D:3      | 2121 ||| SHOPLISTING potion of curing (42 gold, have 41).
  2121 | D:3      | 2121 ||| BUYING scroll of identify (28 gold).
  2121 | D:3      | Bought a scroll of identify for 28 gold pieces
  2121 | D:3      | 2121 ||| SHOPLISTING scroll of teleportation (42 gold, have
                  | 13).
  2156 | D:3      | Found Lohan's Distillery.
  2161 | D:3      | 2161 ||| SHOPLISTING potion of curing (30 gold, have 13).
  2161 | D:3      | 2161 ||| SHOPLISTING potion of haste (100 gold, have 13).
  2161 | D:3      | 2161 ||| SHOPLISTING potion of heal wounds (50 gold, have
                  | 13).
  2161 | D:3      | 2161 ||| SHOPLISTING potion of might (40 gold, have 13).
  2161 | D:3      | 2161 ||| SHOPLISTING potion of mutation (80 gold, have 13).
  2202 | D:3      | Reached skill level 6 in Ranged Weapons
  2232 | D:3      | Noticed Jessica
  2238 | D:3      | Killed Jessica
  2255 | D:3      | Noticed Ijyb
  2279 | D:3      | Killed Ijyb
  2458 | D:3      | Found Bergh's Antique Weapon Shoppe.
  2462 | D:3      | 2462 ||| SHOPLISTING runed sling (108 gold, have 19).
  2478 | D:3      | Reached XP level 5. HP: 46/46 MP: 4/4
  2609 | D:3      | HP: 7/46 [orc/+0 trident (6)]
  2610 | D:3      | 2610 ||| READING scroll of teleportation.
  2610 | D:3      | Slain by an orc

Levels and vault maps discovered:
D:1:      minmay_arrival_semitransparent, layout_basic,
          ebering_ecumenical_altar_mist
D:2:      layout_basic
D:3:      layout_loops_cross, mainiacjoe_overflow_surrounded_room, serial_shops,
          shop, shop, shop, st_stairs_9, nrook_mini_vaults,
          nicolae_hexahallways, uniq_ijyb, uniq_jessica

Skill      XL: |  1  2  3  4 |
---------------+-------------+-----
Ranged Weapons | 5 6 |  6.3
Fighting       | 3 4 |  4.2
Armour         | 1 |  1.1
Dodging        | |  2.1
Stealth        | |  0.7

Action                     |  1- 3 |  4- 6 || total
---------------------------+-------+-------++-------
   Fire: Shortbow          |    95 |    58 ||   153
    Use: Scroll            |     4 |     1 ||     5
         Potion            |     2 |       ||     2
 Armour: Ring mail         |    19 |    10 ||    29
         Leather armour    |     3 |       ||     3
  Dodge: Dodged            |    30 |    28 ||    58

Table legend:
 A = Non-vault XP
 B = Vault XP
 C = Vault XP percentage of total XP
 D = Non-vault monster count
 E = Vault monster count
 F = Vault count percentage of total count
                 A         B        C        D         E       F
            +---------+---------+-------+---------+---------+-------
      Total |     162 |      78 |  32.5 |      52 |       5 |   8.8
            +---------+---------+-------+---------+---------+-------
        D:1 |      60 |       0 |   0.0 |      24 |       0 |   0.0
        D:2 |      35 |       0 |   0.0 |      18 |       0 |   0.0
        D:3 |      67 |      78 |  53.8 |      10 |       5 |  33.3
            +---------+---------+-------+---------+---------+-------
